 Dungeon Sprint DCSS version 0.31-a0-196-g86fe4a5e66 (webtiles) character file.

Game seed: 15115767879603215619

138 rocky1 the Covered (level 5, -8/45 HPs)
             Began as a Djinni Fighter on June 25, 2023.
             Mangled by a sixfirhy (10 damage)
             ... summoned by a kobold demonologist
             ... in the Dungeon (Sprint III: "The Ten Rune Challenge").
             The game lasted 00:01:47 (259 turns).

rocky1 the Covered (Djinni Fighter)                  Turns: 259, Time: 00:01:48

Health: -8/45      AC:  7    Str: 15    XL:     5   Next: 45%
Gold:   15         EV:  8    Int:  9    God:
                   SH:  5    Dex: 15

rFire   + + .        a - +0 long sword
rCold   x . .        c - +0 buckler
rNeg    . . .        b - +0 scale mail
rPois   ∞            (no helmet)
rElec   .            (no cloak)
rCorr   .            (no gloves)
SInv    .            (boots unavailable)
Will    .....        (no amulet) Stlth
                     (no ring)
HPRegen 0.27/turn    (no ring)
MPRegen 0.00/turn

%: no teleportation, infuse magic (-9 HP)
@: flying
A: sickness immunity, fire resistance 2, cold vulnerability 1, float, innate
caster, HP casting, extra vitality 1
a: no special abilities


You were in the Dungeon.
You visited 1 branch You collected 15 gold pieces.

Inventory:

Hand Weapons
 a - a +0 long sword (weapon)
Armour
 b - a +0 scale mail (worn)
 c - a +0 buckler (worn)
Scrolls
 i - 2 scrolls of blinking
 j - 2 scrolls of identify {unknown}
 k - a scroll of immolation {unknown}
 m - a scroll of poison {unknown}
Potions
 d - 2 potions of might
 e - a potion of curing
 g - a potion of haste
 l - a potion of lignification {unknown}
 n - 6 potions of mutation


   Skills:
 + Level 5.7 Fighting
 + Level 4.5 Long Blades
 + Level 5.8 Armour
 + Level 5.2 Shields
 * Level 1.8 Spellcasting
 * Level 1.8 Conjurations
 * Level 1.8 Hexes
 * Level 1.8 Summonings
 * Level 1.8 Necromancy
 * Level 1.8 Translocations
 * Level 1.8 Transmutations
 * Level 1.8 Fire Magic
 * Level 1.8 Ice Magic
 * Level 1.8 Air Magic
 * Level 1.8 Earth Magic
 * Level 1.8 Poison Magic


You knew the following spells:

 Your Spells              Type           Power      Damage    Failure   Level
a - Necrotise             Necr           16%        1d4       58%         1
b - Wereblood             Tmut           4%         N/A       73%         2
Your spell library was empty.

Dungeon Overview and Level Annotations

Branches:
Dungeon (1/1)

Altars:


Innate Abilities, Weirdness & Mutations

You are immune to sickness and miasma.
You are immune to poison.
Your flesh is very heat resistant. (rF++)
You are vulnerable to cold. (rC-)
You float through the air rather than walking.
You learn spells naturally, not from books.
Your magical power is your life essence.
You have superior vitality. (+4 MHP)


Message History

A kobold demonologist comes into view. It is wielding a +0 dagger.
Found a book of Spatial Translocations.
The kobold demonologist casts a spell.
There is an open door here.
Things that are here:
a +0 dagger; a +0 robe; a human corpse You hit the kobold demonologist but do no damage.
The kobold demonologist casts a spell.
You barely miss the kobold demonologist.
The kobold demonologist hits you with a +0 dagger.
The kobold demonologist casts a spell.
You hit the sixfirhy.
The sixfirhy is lightly wounded.
The sixfirhy hits you. The sixfirhy shocks you! The hellwing hits you.
You block the hellwing's attack.
The kobold demonologist hits you with a +0 dagger.
You miss the sixfirhy.
The sixfirhy is lightly wounded.
The sixfirhy hits you but does no damage.
The sixfirhy closely misses you. You block the sixfirhy's attack.
The sixfirhy hits you but does no damage.
You block the hellwing's attack. The hellwing closely misses you.
The kobold demonologist hits you but does no damage.
The sixfirhy hits you but does no damage.
You feel much better. The sixfirhy hits you! The sixfirhy shocks you!
The sixfirhy hits you. The sixfirhy shocks you!
* * * LOW HITPOINT WARNING * * *
The hellwing hits you.
* * * LOW HITPOINT WARNING * * *
The hellwing hits you but does no damage.
You block the kobold demonologist's attack.
You barely miss the kobold demonologist.
The hellwing hits you.
* * * LOW HITPOINT WARNING * * *
The hellwing hits you but does no damage.
The kobold demonologist hits you but does no damage.
You hit the kobold demonologist.
The kobold demonologist is moderately wounded.
The sixfirhy hits you!
You die...

.#......#####..#
##...†...#..#..#
.##.##...#..#..###+#+###+
.##.###..##'#..#.........
####.##..###...'.⌠.......
##..##.)####...#...######
....##..###....#.⌠.#
#..##...##.....#3..#
..##....#......#@###
.###..##.#.....#4K:# .#
#.. ####....#5__# ▓▓ ▓▓▓
▓▓▓▓▓▓▓▓▓▓


You could see a hellwing (summoned), a kobold demonologist, a sixfirhy
(summoned) and an iron imp (summoned).

Vanquished Creatures
  A water elemental (D)
  Jessica (D)
  A wizard (D)
  A human (D)
  A phantom (D)
  An endoplasm (D)
  2 rats (D)
8 creatures vanquished.

Notes
Turn   | Place    | Note
-------+----------+-------------------------------------------
     0 | D        | rocky1 the Djinni Fighter began the quest for the Orb.
     0 | D        | Reached XP level 1. HP: 20/20 MP: 0/0
    36 | D        | Noticed Jessica
    42 | D        | Killed Jessica
    43 | D        | Reached XP level 2. HP: 25/26 MP: 0/0
    43 | D        | Reached XP level 3. HP: 30/31 MP: 0/0
    43 | D        | Learned a level 1 spell: Necrotise
    93 | D        | Reached XP level 4. HP: 37/38 MP: 0/0
   117 | D        | Noticed a water elemental
   124 | D        | Killed a water elemental
   125 | D        | Reached skill level 5 in Fighting
   125 | D        | Reached skill level 5 in Armour
   125 | D        | Reached skill level 5 in Shields
   125 | D        | Reached skill level 1 in Spellcasting
   125 | D        | Reached skill level 1 in Conjurations
   125 | D        | Reached skill level 1 in Hexes
   125 | D        | Reached skill level 1 in Summonings
   125 | D        | Reached skill level 1 in Necromancy
   125 | D        | Reached skill level 1 in Translocations
   125 | D        | Reached skill level 1 in Transmutations
   125 | D        | Reached skill level 1 in Fire Magic
   125 | D        | Reached skill level 1 in Ice Magic
   125 | D        | Reached skill level 1 in Air Magic
   125 | D        | Reached skill level 1 in Earth Magic
   125 | D        | Reached skill level 1 in Poison Magic
   125 | D        | Reached XP level 5. HP: 43/43 MP: 0/0
   125 | D        | Learned a level 2 spell: Wereblood
   253 | D        | Noticed a hellwing
   255 | D        | Noticed a sixfirhy
   258 | D        | HP: 2/45 [hellwing[a kobold demonologist] (5)]
   259 | D        | Mangled by a sixfirhy

Illustrated notes

Levels and vault maps discovered:
D:        dungeon_sprint_mu [sprint_mu_entry_cave, sprint_mu_temple_rooms,
          sprint_mu_d1_horrors, sprint_mu_d2_genie, sprint_mu_d3_branching,
          sprint_mu_orc_legion, sprint_mu_elf_gauntlet, sprint_mu_hive_nellie,
          sprint_mu_lair_fedhas, sprint_mu_vaults_butterflies,
          sprint_mu_slime_circle, sprint_mu_swamp_cave, sprint_mu_snake_twists,
          sprint_mu_blade_basic, sprint_mu_crypt_fortress,
          sprint_mu_tomb_spiral, sprint_mu_vestibule_basic,
          sprint_mu_gehenna_hellfire, sprint_mu_dis_giant,
          sprint_mu_tartarus_statrot, sprint_mu_cocytus_islands, sprint_mu_zot1]

Skill      XL: |  1  2  3  4 |
---------------+-------------+-----
Long Blades    | 3 4 |  4.5
Fighting       | 4 5 |  5.7
Armour         | 4 5 |  5.8
Shields        | 4 5 |  5.2
Spellcasting   | 1 |  1.8
Conjurations   | 1 |  1.8
Hexes          | 1 |  1.8
Summonings     | 1 |  1.8
Necromancy     | 1 |  1.8
Translocations | 1 |  1.8
Transmutations | 1 |  1.8
Fire Magic     | 1 |  1.8
Ice Magic      | 1 |  1.8
Air Magic      | 1 |  1.8
Earth Magic    | 1 |  1.8
Poison Magic   | 1 |  1.8

Action                     |  1- 3 |  4- 6 || total
---------------------------+-------+-------++-------
  Melee: Long sword        |    22 |    18 ||    40
    Use: Potion            |       |     2 ||     2
 Armour: Scale mail        |     8 |     8 ||    16
  Dodge: Dodged            |     6 |     5 ||    11
  Block: Buckler           |     7 |     6 ||    13

Table legend: (Time is in decaauts)
 A = Elapsed time spent in this place.
 B = Non-inter-level travel time spent in this place.
 C = Inter-level travel time spent in this place.
 D = Time resting spent in this place.
 E = Time spent auto-exploring this place.
 F = Levels seen in this place.
 G = Mean time per level.
                   A        B        C        D        E       F      G
               +--------+--------+--------+--------+--------+-----+--------+
         Total |    280 |    280 |      0 |    146 |     33 |   1 |  280.0 |
       Dungeon |    280 |    280 |      0 |    146 |     33 |   1 |  280.0 |
               +--------+--------+--------+--------+--------+-----+--------+

Top non-repeatable levels by time:
       D: 280 daAuts
